AoeStats
← [PSCH] R!ce

Arabia

505853301Analyzed
1v1 RM · 21d ago on Sep 11, 2026· 41m 58s· 2 players
Game mode
Random Map
Map size
Tiny (2 player)
Population
200
Speed
Normal
Resources
Standard
Victory
Conquest
Starting age
Dark Age
Ending age
Imperial Age
RankedLock teamsTeams togetherTeam positionsShared explorationLock speedFull tech treeHidden civsTurbo modeCheats
Victory
Defeat
🇨🇳 Mongols · China
1597
+14
🇨🇭 Japanese · Switzerland
1551
-14
慈溪一枝花
6:34 Loom
9:03 Feudal Age
13:38 Horse Collar
20:55 Castle Age
19:17 Double-Bit Axe
22:15 Bow Saw
22:06 Heavy Plow
38:33 Imperial Age
37:26 Bloodlines
37:17 Husbandry
38:20 Wheelbarrow
38:07 Scale Barding Armor
39:18 Chain Barding Armor
39:08 Forging
38:41 Heavy Camel Rider
40:53 Conscription
43:03 Iron Casting
[PSCH] R!ce
3:26 Loom
10:38 Feudal Age
10:42 Man-at-Arms
16:07 Double-Bit Axe
23:10 Castle Age
22:44 Fletching
22:55 Padded Archer Armor
23:53 Bodkin Arrow
24:20 Bow Saw
26:23 Ballistics
35:38 Imperial Age
33:56 Leather Archer Armor
35:25 Thumb Ring
35:32 Bloodlines
35:25 Husbandry
36:50 Bracer
37:54 Chemistry
38:10 Parthian Tactics
Connection lost

Rejoining the realm…

Still unreachable

The connection could not be restored.

Session expired

The server has moved on; the page needs a fresh start.